Map: Pillars of Gold LE

Players

A.I. 1 (Very Easy)

  • Race: Zerg Zerg

jplex - Winner!

  • Race: Terran Terran

VOD

Have the link to the VOD?

Description

First attempt at Step 1 of Staircase method

Time

  • Played on: June 22, 2021, 9:11 p.m.
  • Length: 11:25
Show
View Real Time Build Order
Export as new Build Order

A.I. 1 (Very Easy) Zerg 

Build Orders: Hatch First 

Get SALT Encoding   

  12  0:01  Drone  
  13  0:12  Overlord  
  13  0:17  Drone  
  14  0:44  Hatchery  
  14  0:47  Drone  
  14  1:05  Spawning Pool  
  14  1:07  Extractor  
  14  1:09  Drone  
  13  1:16  Drone  
  14  1:22  Overlord  
  14  1:53  Zergling x2  
  14  1:54  Queen  
  15  1:55  Zergling x2  
  18  2:03  Roach Warren  
  18  2:08  Drone  
  18  2:11  Extractor  
  17  2:16  Drone  
  17  2:20  Zergling x2  
  19  2:25  Drone  
  20  2:33  Drone  
  21  2:40  Drone  
  22  2:47  Drone  
  23  2:54  Drone  
  24  3:01  Drone  
  25  3:08  Drone  
  25  3:11  Roach  
  28  3:16  Drone  
  29  3:21  Overlord  
  29  3:26  Drone  
  30  3:33  Drone  
  31  3:40  Drone  
  32  3:48  Drone  
  33  3:52  Overlord  
  33  3:56  Drone  
  33  4:02  Lair, Roach  
  36  4:03  Drone  
  37  4:12  Drone  
  38  4:19  Drone  
  39  4:27  Drone  
  40  4:34  Drone  
  40  4:35  Overlord  
  41  4:41  Drone  
  42  4:48  Drone  
  43  4:53  Roach  
  43  4:55  Drone  
  46  5:00  Overseer  
  46  5:02  Overseer, Drone  
  47  5:09  Extractor  
  47  5:10  Drone  
  47  5:17  Drone, Extractor  
  47  5:24  Drone  
  47  5:32  Drone  
  48  5:39  Drone  
  49  5:43  Roach  
  49  5:46  Drone  
  52  10:32  Zergling x2  
  52  10:34  Pneumatized Carapace  
  43  10:36  Overseer  
  43  10:45  Drone  
  26  10:52  Drone  
  21  10:59  Drone  
  21  11:00  Zergling x2  
  21  11:04  Overseer  
  22  11:05  Overlord  
  22  11:07  Drone  
  4  11:18  Hatchery  
Show
View Real Time Build Order
Export as new Build Order

jplex Terran - Winner!

Build Orders:  

Get SALT Encoding   

  12  0:00  SCV  
  13  0:12  SCV  
  14  0:19  Supply Depot  
  14  0:24  SCV  
  15  0:40  SCV  
  16  0:45  Barracks  
  16  0:52  SCV  
  17  1:05  SCV  
  18  1:17  SCV  
  19  1:24  Command Center  
  19  1:30  SCV  
  19  1:32  Marine  
  21  1:42  SCV  
  22  1:50  Marine  
  23  2:04  Supply Depot  
  23  2:13  Supply Depot  
  23  2:22  Barracks  
  23  2:26  Marine, Orbital Command  
  24  2:35  Orbital Command  
  24  2:43  Marine  
  25  2:52  SCV  
  26  3:00  SCV  
  26  3:01  Marine  
  26  3:04  SCV  
  29  3:12  SCV  
  30  3:16  SCV  
  30  3:18  Barracks  
  30  3:19  Marine x2  
  32  3:24  SCV  
  34  3:28  SCV  
  35  3:37  Marine x2, SCV  
  35  3:41  SCV  
  39  3:49  SCV  
  39  3:53  SCV  
  39  3:55  Marine x2  
  42  4:01  SCV  
  44  4:05  SCV  
  45  4:12  Marine  
  45  4:13  Marine  
  47  4:19  SCV x2  
  47  4:20  Marine  
  50  4:27  Command Center  
  50  4:30  Marine  
  50  4:31  Marine, SCV x2  
  54  4:46  Supply Depot  
  54  4:47  Supply Depot  
  54  5:07  Marine x3  
  54  5:08  SCV x2  
  59  5:20  SCV x2  
  61  5:25  Marine x3  
  64  5:32  SCV x2  
  66  5:40  Orbital Command  
  66  5:41  Supply Depot  
  66  5:43  Marine x3  
  66  5:44  SCV x2  
  71  5:56  SCV x2  
  73  6:01  Marine x3  
  76  6:08  SCV x2  
  78  6:18  SCV  
  79  6:20  SCV x2  
  81  6:27  Marine x3, Command Center  
  81  6:30  SCV  
  81  6:32  SCV x2  
  87  6:42  SCV  
  87  6:44  Marine, SCV x2  
  87  6:45  Marine x2  
  87  6:46  Supply Depot  
  93  6:48  Supply Depot  
  93  7:07  Marine x3  
  93  7:08  SCV x3  
  99  7:12  Barracks  
  99  7:14  Barracks  
  99  7:20  SCV x3  
  102  7:43  Orbital Command  
  102  7:46  SCV x3  
  102  7:47  Marine x3  
  108  7:58  SCV x3  
  110  8:05  Marine x3  
  112  8:07  Marine x2  
  112  8:10  Barracks  
  112  8:11  SCV x3  
  112  8:12  SCV  
  120  8:23  Marine x3, SCV  
  120  8:26  Barracks  
  124  8:30  Barracks  
  124  8:48  Supply Depot  
  124  8:56  Supply Depot  
  124  8:57  Supply Depot  
  124  9:09  Marine x5  
  124  9:10  SCV x3  
  132  9:17  Marine, SCV  
  132  9:19  Marine  
  132  9:20  Marine  
  136  9:27  Marine x5  
  141  9:35  Marine  
  141  9:37  Marine x2  
  144  9:45  Marine  
  144  9:51  Marine x3  
  148  10:12  Supply Depot x2  
  148  10:31  Marine  
  148  10:33  Marine x7  
  153  10:48  Marine  
  154  10:51  Marine x6  
  164  11:22  Supply Depot  
  164  11:23  Supply Depot  
Tags
 
Add a new tag
Caveats
  • Supply blocks, unpowered buildings, or Contaminate may cause inaccurate times.
  • Supply counts are checked every 10 seconds.